 Dungeon Crawl Stone Soup version 0.25.1-2-g60ff931df9 (webtiles) character file.

Game seed: 12204775902419159538

14 Atelerd the Stinger (level 2, -2/17 HPs)
             Began as an Octopode Venom Mage on July 30, 2020.
             Slain by a jackal (3 damage)
             ... on level 1 of the Dungeon.
             The game lasted 00:00:33 (565 turns).

Atelerd the Stinger (Octopode Venom Mage)            Turns: 565, Time: 00:00:34

Health: -2/17      AC:  1    Str:  7    XL:     2   Next: 45%
Magic:  0/5        EV: 13    Int: 17    God:
Gold:   38         SH:  0    Dex: 12    Spells: 4/5 levels left

rFire    . . .     SeeInvis .   e - +0 dagger
rCold    . . .     Gourm    .   (no shield)
rNeg     . . .     Faith    .   (helmet restricted)
rPois    .         Spirit   .   (no amulet)
rElec    .         Reflect  .   (no ring)
rCorr    .         Harm     .   (no ring)
MR       .....                  (no ring)
Stlth    +++.......             (no ring)
HPRegen  0.05/turn              (no ring)
MPRegen  0.09/turn              (no ring)
                                (no ring)
                                (no ring)

@: no status effects
A: almost no armour, stealthy swim, amphibious, 8 rings, constrict 8, camouflage
1, gelatinous body 1
a: no special abilities


You were on level 1 of the Dungeon.
You were not hungry.

You visited 1 branch of the dungeon, and saw 1 of its levels.

You collected 38 gold pieces.

Inventory:

Hand Weapons
 e - a +0 dagger (weapon)
Scrolls
 a - a scroll of identify {unknown}
 c - a scroll of immolation {unknown}
Comestibles
 b - a ration
 d - a chunk of flesh


   Skills:
 - Level 2.0 Dodging
 - Level 2.6 Stealth
 + Level 2.2 Spellcasting
 + Level 1.4 Transmutations
 * Level 4.1 Poison Magic


You had 4 spell levels left.
You knew the following spells:

 Your Spells              Type           Power        Failure   Level  Hunger
a - Sting                 Tmut/Pois      ##..         6%          1    #......

Your spell library contained the following spells:

 Spells                   Type           Power        Failure   Level  Hunger
 Poisonous Vapours        Pois/Air       #.....       12%         2    ###....
 Ignite Poison            Fire/Tmut/Pois #.......     26%         3    ###....
 Mephitic Cloud           Conj/Pois/Air  #.......     32%         3    ###....
 Olgreb's Toxic Radiance  Pois           ###.....     34%         4    #####..


Dungeon Overview and Level Annotations

Branches:
Dungeon (1/15)

Altars:


Innate Abilities, Weirdness & Mutations

You cannot wear most types of armour.
You are very stealthy in the water. (Stealth+)
You are amphibious.
You can wear up to eight rings at the same time.
You can use your tentacles to constrict eight enemies at once.
Your skin changes colour to match your surroundings (Stealth+).
Your rubbery body absorbs attacks. (AC +1, EV +1)


Message History

Confirm with . or Enter, or press ? or * to list all spells.
You don't have enough magic to cast that spell.
Unknown command.
You closely miss the jackal. Your grab misses the jackal.
The jackal misses you.
You closely miss the jackal. You grab the jackal. You squeeze the jackal.
You kill the jackal!
The jackal bites you but does no damage.
You hit the jackal but do no damage. You grab the jackal.
You squeeze the jackal.
The jackal is moderately wounded.
You constrict the jackal. The jackal completely misses you.
You hit the jackal but do no damage. You squeeze the jackal.
You kill the jackal!
Unknown command.
You barely miss the jackal. You grab the jackal.
Your squeeze misses the jackal. You constrict the jackal. The jackal bites you.
* * * LOW HITPOINT WARNING * * *
The jackal bites you.
You die...

... ######## ... #......#....#
... ####......#....# ...
######.........#....# ...
#....#......####....#
#####....#......# ##....# .
....+....+......# #.....# ..
....#....#......###.....##....
....'...........@hrh.........>
....####.......####w..........
..### #......).##...###)...#
..######........##...'.w....#
.......#........##...##.....#
.......#.........#.... .....#
.......#.(.....#.#..........+
#......#.......# #.....#....#
#......#.......# ..........##


You could see a dart slug, 2 jackals and a rat.

Vanquished Creatures
  An ooze (D:1)
  A bat (D:1)
  A hobgoblin (D:1)
  2 jackals (D:1)
  A kobold (D:1)
  A frilled lizard (D:1)
  3 rats (D:1)
10 creatures vanquished.

Notes
Turn   | Place    | Note
-------+----------+-------------------------------------------
     0 | D:1      | Atelerd the Octopode Venom Mage began the quest for the
                  | Orb.
     0 | D:1      | Reached XP level 1. HP: 11/11 MP: 3/3
   379 | D:1      | Reached XP level 2. HP: 17/17 MP: 5/5
   401 | D:1      | Reached skill level 4 in Poison Magic
   565 | D:1      | Slain by a jackal

Illustrated notes

Levels and vault maps discovered:
D:1:      lemuel_arrival_behind_the_door_small, layout_basic

Skill      XL: |  1  2 |
---------------+-------+-----
Poison Magic   | 4 |  4.1
Dodging        | |  2.0
Stealth        | |  2.6
Spellcasting   | |  2.2
Transmutations | |  1.4

Action                   || total
-------------------------++-------
Melee: Unarmed           ||    10
       Constrict         ||     6
       Tentacles         ||     5
       Dagger            ||     8
 Cast: Sting             ||    10
 Stab: Sleeping          ||     2
Armor: Skin              ||     4
Dodge: Dodged            ||    20
